 Dungeon Crawl Stone Soup version 0.29.1-1-gd02db6906a (webtiles) character file.

Game seed: 5447170185100728819

21 Theotherone the Cudgeller (level 2, -1/19 HPs)
             Began as a Gargoyle Fighter on Oct 16, 2022.
             Slain by a goblin
             ... wielding a +0 dagger
             ... led by Robin
              (3 damage)
             ... on level 2 of the Dungeon.
             The game lasted 00:01:53 (701 turns).

Theotherone the Cudgeller (Gargoyle Fighter)         Turns: 701, Time: 00:01:54

Health: -1/19      AC:  9    Str: 19    XL:     2   Next: 87%
Magic:  2/2        EV:  9    Int:  8    God:
Gold:   84         SH:  4    Dex:  9    Spells: 1/1 levels left

rFire   . . .      SeeInvis .   a - +0 flail
rCold   . . .      Faith    .   c - +0 buckler
rNeg    + . .      Spirit   .   b - +0 scale mail
rPois   ∞          Reflect  .   (no helmet)
rElec   +          Harm     +   e - scarf {harm}
rCorr   .          Rampage  .   (no gloves)
Will    .....                   (no boots)
Stlth   ..........              (no amulet)
HPRegen 0.06/turn               (no ring)
MPRegen 0.08/turn               (no ring)

@: no status effects
A: sickness immunity, AC +2, negative energy resistance 1, electricity
resistance, torment resistance 1, petrification resistance
a: no special abilities


You were on level 2 of the Dungeon.
You visited 1 branch of the dungeon, and saw 2 of its levels.

You collected 84 gold pieces.

Inventory:

Hand Weapons
 a - a +0 flail (weapon)
Armour
 b - a +0 scale mail (worn)
 c - a +0 buckler (worn)
 e - a scarf of harm (worn)
Scrolls
 f - a scroll of fog {unknown}
 g - a scroll of amnesia {unknown}
 j - a scroll of noise {unknown}
 k - a scroll of blinking {unknown}
Potions
 d - a potion of might
 h - 3 potions of attraction {unknown}
 i - a potion of berserk rage {unknown}
 l - a potion of cancellation {unknown}


   Skills:
 - Level 3.2 Fighting
 + Level 3.3 Maces & Flails
 - Level 3.2 Armour
 - Level 3.2 Shields


You had one spell level left.
You didn't know any spells.
Your spell library was empty.

Dungeon Overview and Level Annotations

Branches:
Dungeon (2/15)

Altars:

Annotations:
D:2 Robin


Innate Abilities, Weirdness & Mutations

You are immune to sickness and miasma.
Your stone body is resilient. (AC +2)
You are immune to poison.
You resist negative energy. (rN+)
You are resistant to electric shocks. (rElec)
You are resistant to unholy torment.
You are immune to petrification.


Message History

The goblin hits you with a +0 dagger. The goblin closely misses you.
The hobgoblin barely misses you. The goblin hits you but does no damage.
You block the goblin's attack.
You are too injured to fight recklessly!
You are too injured to fight recklessly!
You are too injured to fight recklessly!
You are too injured to fight recklessly!
You are too injured to fight recklessly!
You are too injured to fight recklessly!
You are too injured to fight recklessly!
You are too injured to fight recklessly!
You are too injured to fight recklessly!
You are too injured to fight recklessly!
You are too injured to fight recklessly!
You are too injured to fight recklessly!
You are too injured to fight recklessly!
Okay, then.
The goblin attacks as you move away! You block the goblin's attack.
The goblin hits you but does no damage. The goblin barely misses you.
The goblin hits you but does no damage. x2
The goblin attacks as you move away! The goblin hits you with a +0 club.
The goblin attacks as you move away! The goblin closely misses you.
The goblin hits you but does no damage. The hobgoblin barely misses you.
You hit the goblin.
The goblin is severely wounded.
Robin throws the goblin at you!
* * * LOW HITPOINT WARNING * * *
The goblin hits you with a +0 dagger.
* * * LOW HITPOINT WARNING * * *
The goblin barely misses you. x2; You block the hobgoblin's attack.
You block the goblin's attack.
You miss the goblin. The goblin hits you but does no damage.
The goblin completely misses you. The goblin hits you but does no damage.
The hobgoblin barely misses you. The goblin hits you but does no damage.
You closely miss the goblin.
The goblin is heavily wounded.
The goblin hits you with a +0 dagger.
* * * LOW HITPOINT WARNING * * *
The goblin hits you with a +0 dagger.
You die...

.#######. #. #########+##
#. ...........# #######.
...........+ ........
..)...)....# #######.
.....gggg..#############.
......gggg.'......[......
......gg@g.#####....####.
############ #....# #.
#....# #. #....# ##
#....##### #.........
####.##### #.# # #.# ###


You could see Robin, 3 hobgoblins and 7 goblins.

Vanquished Creatures
  3 ball pythons
  3 bats
  6 goblins
  2 hobgoblins (D:1)
  A kobold (D:2)
  2 frilled lizards
  A rat (D:1)
18 creatures vanquished.

Notes
Turn   | Place    | Note
-------+----------+-------------------------------------------
     0 | D:1      | Theotherone the Gargoyle Fighter began the quest for the
                  | Orb.
     0 | D:1      | Reached XP level 1. HP: 14/14 MP: 1/1
   122 | D:1      | Reached XP level 2. HP: 19/19 MP: 2/2
   659 | D:2      | Found a faded altar of an unknown god.
   692 | D:2      | Noticed Robin
   701 | D:2      | Slain by a goblin

Illustrated notes

Levels and vault maps discovered:
D:1:      ebering_hopf_link, layout_rooms
D:2:      layout_basic, ebering_ecumenical_altar_ruins, uniq_robin, uniq_sigmund

Skill      XL: |  1  2 |
---------------+-------+-----
Maces & Flails | 3 |  3.3
Fighting       | |  3.2
Armour         | |  3.2
Shields        | |  3.2

Action                   || total
-------------------------++-------
Melee: Flail             ||    46
Armor: Scale mail        ||    28
Dodge: Dodged            ||    39
Block: Buckler           ||    14
